 Dungeon Crawl Stone Soup version 0.18.1-8-gdd0e5ea (webtiles) character file.

641 andaisq the Ducker (level 7, 0/70 HPs)
             Began as a Troll Berserker on June 4, 2016.
             Was a Priest of Trog.
             Slain by a worm (15 damage)
             ... on level 5 of the Dungeon on June 5, 2016.
             The game lasted 00:08:10 (4168 turns).

andaisq the Ducker (Troll Berserker)                Turns: 4168, Time: 00:08:10

Health: 0/70       AC: 10    Str: 28    XL:     7   Next: 26%
Magic:  6/6        EV: 11    Int:  3    God:    Trog [***...]
Gold:   217        SH:  0    Dex:  9    Spells: 0 memorised, 6 levels left

rFire  . . .     SeeInvis .     b - +2 war axe
rCold  . . .     Gourm    +     t - +2 robe
rNeg   . . .     Faith    +     (no shield)
rPois  .         Spirit   .     (helmet restricted)
rElec  .         Dismiss  .     n - +2 cloak
rCorr  .         Reflect  .     (gloves unavailable)
SustAt .         Harm     .     (boots unavailable)
MR     .....                    s - amulet of faith
Stlth  +.........               (no ring)
                                (no ring)

@: not resistant to hostile enchantments, very unstealthy
A: unfitting armour, claws 3, fast metabolism 3, gourmand, regeneration 2,
shaggy fur 1, tough skin 2
a: Berserk, Trog's Hand, Burn Spellbooks, Renounce Religion


You were on level 5 of the Dungeon.
You worshipped Trog.
Trog was most pleased with you.
You were very full.

You visited 1 branch of the dungeon, and saw 5 of its levels.

You collected 217 gold pieces.

Inventory:

Hand Weapons
 b - a +2 war axe (weapon)
Armour
 n - a +2 cloak (worn)
 t - a +2 robe (worn)
Jewellery
 s - an amulet of faith (around neck)
Scrolls
 e - 2 scrolls of enchant armour
 f - 3 scrolls of recharging
 g - a scroll of fear
 h - 4 scrolls of remove curse
 j - 3 scrolls of identify
Potions
 a - a potion of mutation {unknown}
 i - a potion of heal wounds
 l - a potion of might
 o - a potion of degeneration {unknown}
Comestibles
 c - 5 bread rations
 d - 7 meat rations


   Skills:
 + Level 4.0 Fighting
 + Level 4.0 Axes
 + Level 5.3 Dodging
 - Level 0.1 Stealth


You had 6 spell levels left.
You didn't know any spells.

Dungeon Overview and Level Annotations

Branches:
Dungeon (5/15)
 Temple: D:4-7

Altars:
Ashenzari
Cheibriados
Nemelex Xobeh
Pakellas
Qazlal
Trog
Yredelemnul
The Shining One

Shops:
D:4 }


Innate Abilities, Weirdness & Mutations

You are too large for most types of armour.
You have claws for hands.
Your metabolism is lightning-fast.
You like to eat raw meat.
You heal very quickly.
You are covered in fur (AC +1).
You have very tough skin (AC +2).


Message History

The worm bites you. x2
The worm bites you!
You see here a rat corpse.
You slash the worm!
The worm is heavily wounded.
You barely miss the worm. The worm barely misses you.
The worm closely misses you. The worm bites you!
You hit the worm.
The worm is heavily wounded.
You hit the worm.
The worm is lightly wounded.
The worm bites you!
* * * LOW HITPOINT WARNING * * *
The worm misses you.
You completely miss the worm.
The worm is heavily wounded.
You barely miss the worm.
The worm is lightly wounded.
The worm closely misses you. The worm bites you!
You die...

##........#......#...
.................+...
###........#......#...
#...##.###..(...#...
#.####.##########...
###.......## #...
##.........## #...
#..w........# .....#
#..@.###....# .....#
#..w##y##...# ......
#....###....# ......
##.........## ......
#)..._....# .....
##....)).## .....
###..)### ..... ####
..... ...


You could see a moth of wrath and 2 worms.

Vanquished Creatures
  An ogre (D:5)
  An ice beast (D:5)
  A centaur (D:5)
  A scorpion (D:3)
  Ijyb (D:2)
  2 iguanas
  3 worker ants
  8 adders
  A gnoll (D:1)
  An ooze (D:1)
  An adder skeleton (D:4)
  2 worms
  2 dart slugs
  6 giant geckos
  3 orcs
  4 ball pythons
  7 bats
  A giant cockroach (D:2)
  14 goblins
  9 hobgoblins
  4 jackals (D:1)
  A quokka (D:2)
  3 giant newts
  8 kobolds
  8 rats
93 creatures vanquished.

Notes
Turn   | Place    | Note
--------------------------------------------------------------
     0 | D:1      | andaisq the Troll Berserker began the quest for the Orb.
     0 | D:1      | Reached XP level 1. HP: 22/22 MP: 0/0
   359 | D:1      | Reached XP level 2. HP: 29/29 MP: 1/1
   678 | D:1      | Reached ** piety under Trog
   678 | D:1      | Reached XP level 3. HP: 34/36 MP: 2/2
  1192 | D:2      | Found a stormy altar of Qazlal.
  1345 | D:2      | Reached skill level 3 in Dodging
  1481 | D:2      | Reached XP level 4. HP: 36/45 MP: 3/3
  1764 | D:2      | Noticed Ijyb
  1781 | D:2      | Killed Ijyb
  1838 | D:2      | Found a basalt altar of Yredelemnul.
  2131 | D:3      | Reached XP level 5. HP: 43/53 MP: 4/4
  2394 | D:3      | Reached skill level 4 in Dodging
  2462 | D:3      | Found a glowing golden altar of the Shining One.
  2478 | D:3      | Reached *** piety under Trog
  3208 | D:4      | Reached XP level 6. HP: 55/61 MP: 5/5
  3431 | D:4      | Found a sparkling altar of Nemelex Xobeh.
  3431 | D:4      | Found a snail-covered altar of Cheibriados.
  3580 | D:4      | Found an oddly glowing altar of Pakellas.
  3580 | D:4      | Found Pakellas's Prime Provisions.
  3675 | D:5      | Entered Level 5 of the Dungeon
  3684 | D:5      | Found a shattered altar of Ashenzari.
  3745 | D:5      | Noticed an ice beast
  3755 | D:5      | Killed an ice beast
  3790 | D:5      | Reached skill level 5 in Dodging
  3976 | D:5      | Reached XP level 7. HP: 68/68 MP: 6/6
  4145 | D:5      | Noticed a moth of wrath
  4148 | D:5      | Found a bloodstained altar of Trog.
  4168 | D:5      | Slain by a worm

Skill      XL: |  1  2  3  4  5  6  7 |
---------------+----------------------+-----
Fighting       | 3 4 |  4.0
Dodging        | 3 4 5 |  5.3
Axes           | 3 4 |  4.0
Stealth        | |  0.1

Action                   |  1- 3 |  4- 6 |  7- 9 || total
-------------------------+-------+-------+-------++-------
Melee: Hand axe          |   103 |   124 |       ||   227
       War axe           |       |    78 |    23 ||   101
  Use: Scroll            |       |    17 |       ||    17
       Potion            |       |     1 |       ||     1
  Eat: Chunk             |    18 |    18 |     4 ||    40
       Beef jerky        |       |     2 |       ||     2
Armor: Animal skin       |    41 |    40 |       ||    81
       Robe              |       |    38 |    16 ||    54
Dodge: Dodged            |    58 |   131 |    26 ||   215
